Map: [ESL] Hecate

Players

ShaDoWn

  • Race: Protoss Protoss
  • Spawn Location: 1:00

Spirit - Winner!

  • Race: Terran Terran
  • Spawn Location: 7:00

Event: ESL SC2 Masters 2023 Winter (Regional)

VOD

Have the link to the VOD?

Description

Time

  • Played on: Nov. 3, 2023, 11:16 a.m.
  • Length: 11:03

All games in this series

Show
View Real Time Build Order
Export as new Build Order

ShaDoWn Protoss 

Build Orders: 1 Gate Expand, Oracle Opening 

Get SALT Encoding   

  12  0:01  Probe  
  13  0:13  Probe  
  14  0:17  Pylon  
  14  0:25  Probe (Chrono Boost)  
  15  0:37  Gateway  
  15  0:39  Probe (Chrono Boost)  
  16  0:43  Assimilator  
  16  0:45  Probe (Chrono Boost)  
  17  0:54  Probe  
  18  1:06  Probe  
  19  1:18  Probe  
  20  1:31  Nexus  
  20  1:39  Cybernetics Core  
  20  1:42  Probe  
  21  1:48  Assimilator  
  21  1:54  Probe  
  21  1:59  Pylon  
  22  2:04  Pylon  
  22  2:07  Probe  
  23  2:15  Adept (Chrono Boost)  
  23  2:19  Probe  
  26  2:26  Stargate  
  26  2:31  Probe  
  26  2:32  Warp Gate  
  27  2:43  Probe x2  
  29  2:47  Stalker  
  31  2:55  Probe (Chrono Boost)  
  33  3:01  Probe (Chrono Boost)  
  34  3:06  Oracle (Chrono Boost), Probe (Chrono Boost)  
  34  3:10  Probe x2 (Chrono Boost)  
  39  3:20  Probe  
  39  3:21  Probe  
  39  3:26  Gateway  
  40  3:32  Probe  
  40  3:34  Probe  
  42  3:36  Oracle (Chrono Boost)  
  42  3:41  Gateway  
  45  3:44  Probe  
  45  3:46  Probe (Chrono Boost)  
  47  3:58  Probe (Chrono Boost)  
  47  4:02  Nexus, Probe (Chrono Boost)  
  49  4:07  Probe (Chrono Boost)  
  49  4:08  Pylon  
  50  4:14  Twilight Council, Probe  
  51  4:18  Probe  
  51  4:22  Pylon  
  52  4:29  Probe  
  53  4:33  Probe  
  53  4:35  Stalker x2  
  53  4:36  Gateway  
  58  4:41  Probe  
  58  4:44  Assimilator  
  59  4:46  Blink (Chrono Boost), Probe  
  60  4:55  Stalker  
  60  4:56  Probe  
  60  4:58  Probe  
  60  4:59  Assimilator  
  64  5:01  Pylon  
  64  5:04  Stalker  
  66  5:09  Probe  
  66  5:12  Probe  
  68  5:15  Stalker  
  68  5:20  Pylon  
  68  5:21  Probe  
  71  5:24  Probe x2  
  71  5:27  Pylon  
  73  5:33  Probe, Shield Battery, Stalker x2  
  78  5:38  Stalker x2  
  78  5:40  Probe  
  83  5:43  Probe  
  83  5:45  Probe  
  85  5:52  Forge, Probe  
  85  5:56  Stalker x2  
  90  5:57  Probe  
  90  6:01  Stalker  
  90  6:03  Stalker  
  95  6:10  Probe  
  96  6:15  Pylon  
  96  6:16  Probe  
  96  6:17  Probe  
  98  6:27  Stalker x4  
  98  6:28  Pylon  
  98  6:31  Pylon  
  106  6:33  Probe  
  105  6:44  Pylon  
  105  6:51  Stalker x4  
  113  6:58  Gateway  
  113  7:04  Gateway  
  113  7:05  Gateway  
  113  7:07  Gateway  
  112  7:11  Gateway  
  112  7:12  Probe  
  105  7:18  Probe  
  105  7:19  Probe  
  105  7:20  Stalker  
  85  7:24  Probe  
  75  7:30  Probe (Chrono Boost)  
  75  7:32  Protoss Ground Weapons Level 1 (Chrono Boost), Probe (Chrono Boost)  
  75  7:36  Phoenix (Chrono Boost), Probe (Chrono Boost)  
  72  7:40  Charge (Chrono Boost)  
  72  7:42  Probe (Chrono Boost)  
  74  7:45  Zealot  
  74  7:46  Pylon  
  74  7:48  Probe (Chrono Boost)  
  74  7:49  Probe (Chrono Boost)  
  78  7:51  Probe (Chrono Boost)  
  78  7:53  Probe (Chrono Boost)  
  78  7:55  Stalker  
  78  7:56  Probe x2 (Chrono Boost)  
  80  8:03  Probe  
  80  8:05  Zealot x3  
  78  8:07  Zealot  
  78  8:08  Probe x2 (Chrono Boost)  
  80  8:15  Probe (Chrono Boost)  
  81  8:21  Probe (Chrono Boost)  
  81  8:26  Probe (Chrono Boost)  
  84  8:27  Zealot x3  
  84  8:33  Probe (Chrono Boost)  
  90  8:34  Zealot x4  
  90  8:41  Zealot  
  100  8:47  Zealot x3  
  106  8:52  Dark Shrine, Probe  
  106  8:55  Zealot x3  
  113  8:57  Zealot  
  113  9:02  Probe  
  116  9:09  Probe  
  117  9:10  Pylon  
  117  9:20  Pylon  
  117  9:22  Probe x2  
  117  9:23  Probe  
  114  9:27  Zealot  
  114  9:28  Zealot x4  
  124  9:34  Probe  
  125  9:38  Probe  
  125  9:40  Zealot x3  
  125  9:42  Probe  
  95  9:54  Stalker x5  
  105  10:05  Shield Battery  
  105  10:06  Dark Templar  
  103  10:07  Dark Templar x2  
  105  10:18  Dark Templar  
  88  10:41  Zealot x2  
Show
View Real Time Build Order
Export as new Build Order

Spirit Terran - Winner!

Build Orders: Cyclone Opening, Reaper Expand 

Get SALT Encoding   

  12  0:00  SCV  
  13  0:12  SCV  
  14  0:17  Supply Depot  
  14  0:24  SCV  
  15  0:38  SCV  
  15  0:40  Barracks  
  16  0:44  Refinery  
  16  0:50  SCV  
  17  1:03  SCV  
  18  1:06  Engineering Bay  
  18  1:15  SCV  
  19  1:28  Orbital Command, Reaper  
  20  1:46  Command Center  
  20  1:52  Supply Depot  
  20  1:57  SCV  
  20  2:00  Marine  
  22  2:09  SCV  
  22  2:12  Factory  
  23  2:18  Marine  
  23  2:22  Bunker  
  24  2:24  SCV  
  25  2:30  Refinery  
  25  2:36  Barracks Reactor  
  25  2:37  SCV  
  26  2:49  SCV  
  27  2:55  Cyclone  
  27  2:57  Barracks  
  29  3:01  SCV  
  29  3:03  Orbital Command  
  30  3:13  Marine, SCV  
  30  3:14  Supply Depot  
  32  3:25  SCV  
  33  3:27  Barracks  
  33  3:30  SCV  
  33  3:32  Factory Tech Lab  
  34  3:36  Marine  
  34  3:37  SCV  
  34  3:39  Marine  
  37  3:42  SCV  
  39  3:49  SCV  
  39  3:52  Engineering Bay  
  39  3:54  SCV  
  40  3:55  Stimpack  
  40  3:57  Factory Tech Lab  
  40  3:58  Marauder  
  40  4:01  SCV  
  43  4:03  Supply Depot  
  43  4:09  Starport  
  43  4:11  Marine x2  
  43  4:14  SCV  
  43  4:15  SCV  
  47  4:26  Combat Shield, SCV  
  47  4:27  SCV, Marauder, Marine, Factory Reactor  
  51  4:34  Marine  
  51  4:36  Refinery  
  51  4:38  Missile Turret, SCV  
  53  4:40  SCV  
  53  4:43  Supply Depot  
  53  4:44  Marine  
  55  4:48  Marauder  
  55  4:50  Supply Depot  
  55  4:51  SCV  
  58  4:55  Missile Turret  
  58  4:57  SCV  
  58  4:59  Marine  
  60  5:02  Marine  
  60  5:03  SCV  
  62  5:09  SCV, Medivac x2  
  62  5:10  Factory Reactor  
  62  5:13  Marauder  
  69  5:15  SCV  
  70  5:21  Supply Depot  
  70  5:22  Terran Infantry Weapons Level 1  
  70  5:23  Marine  
  70  5:24  SCV  
  70  5:26  Marauder  
  70  5:27  SCV  
  75  5:35  Refinery  
  75  5:37  Supply Depot  
  75  5:38  Marauder  
  77  5:44  Supply Depot  
  77  5:45  Marine  
  77  5:46  Marine  
  77  5:47  Marauder  
  77  5:49  SCV x2  
  83  5:54  Medivac  
  85  5:58  Medivac  
  85  5:59  Marauder  
  85  6:01  Widow Mine  
  85  6:03  Marine  
  91  6:05  Widow Mine  
  91  6:07  Marine  
  91  6:09  Marauder  
  96  6:17  Command Center  
  96  6:20  Supply Depot, Marine  
  96  6:21  Marine  
  96  6:24  Supply Depot  
  98  6:25  SCV  
  98  6:26  SCV  
  98  6:28  Widow Mine  
  102  6:34  Widow Mine  
  102  6:42  Marauder, SCV, Marine x3  
  102  6:44  SCV, Supply Depot  
  102  6:47  Medivac x2  
  111  6:49  Supply Depot  
  115  6:54  Widow Mine  
  115  6:55  Widow Mine  
  115  6:58  SCV  
  118  7:05  Marauder, Marine x2, SCV  
  118  7:08  Marine  
  113  7:16  Medivac  
  113  7:18  SCV  
  113  7:23  Widow Mine x2  
  113  7:24  Barracks  
  113  7:25  SCV  
  113  7:28  Barracks, Marine, Medivac  
  114  7:30  SCV  
  114  7:34  Marauder, Marine  
  103  7:38  SCV  
  103  7:39  Marauder  
  103  7:42  SCV  
  107  7:44  Widow Mine  
  107  7:45  Widow Mine  
  107  7:46  Medivac  
  107  7:47  Terran Infantry Armor Level 1, Ghost Academy  
  113  7:55  Marine  
  113  7:56  SCV, Marauder  
  117  8:04  SCV  
  112  8:06  Widow Mine  
  112  8:07  Medivac  
  112  8:12  Orbital Command  
  112  8:13  SCV  
  112  8:14  Marine  
  112  8:16  Barracks Reactor, Medivac, SCV  
  112  8:17  Barracks Tech Lab  
  116  8:22  Marine x2  
  116  8:23  Marine  
  116  8:25  SCV  
  120  8:28  SCV, Refinery  
  120  8:32  Supply Depot  
  120  8:33  Supply Depot  
  121  8:37  SCV  
  121  8:39  Ghost  
  121  8:40  SCV, Marine  
  121  8:41  Widow Mine, Marauder  
  128  8:43  Viking  
  128  8:44  Refinery  
  128  8:46  Viking  
  134  8:50  Bunker  
  134  8:51  SCV x2  
  134  8:52  SCV  
  137  8:56  Armory, Marine  
  137  8:57  Marauder  
  137  9:01  Concussive Shells  
  140  9:09  Marine  
  144  9:10  Marauder x2  
  144  9:11  Marine  
  144  9:13  Command Center  
  144  9:14  Marine  
  147  9:18  Marauder  
  147  9:20  Missile Turret  
  147  9:21  Supply Depot  
  147  9:23  Supply Depot  
  149  9:28  Marine  
  151  9:32  Marine  
  151  9:33  Marine  
  145  9:53  Ghost x3  
  145  9:54  Marine  
  145  9:56  Marine x3  
  140  10:07  Orbital Command  
  140  10:12  Marine  
  133  10:14  Marine  
  129  10:22  Ghost x3  
  129  10:26  Marine  
  129  10:27  Marine  
  135  10:30  Marine  
  135  10:32  Marine  
  135  10:44  Marine  
Tags
 
Add a new tag
Caveats
  • Supply blocks, unpowered buildings, or Contaminate may cause inaccurate times.
  • Supply counts are checked every 10 seconds.